 Dungeon Crawl Stone Soup version 0.20-a0-1089-g3fde505 (webtiles) character file.

29 M4edhros the Poker (level 3, 0/23 HPs)
             Began as a Kobold Chaos Knight on May 4, 2017.
             Succumbed to the severe capriciousness of Xom's residual poison
             ... on level 2 of the Dungeon.
             The game lasted 00:01:19 (2803 turns).

M4edhros the Poker (Kobold Chaos Knight)            Turns: 2803, Time: 00:01:19

Health: 0/23       AC:  7    Str: 14    XL:     3   Next: 32%
Magic:  3/3        EV: 15    Int: 13    God:    Xom [*.....]
Gold:   63         SH:  0    Dex: 15    Spells: 2/2 levels left

rFire    . . .     SeeInvis .   a - +0 spear (chaos)
rCold    . . .     Gourm    .   (shield restricted)
rNeg     . . .     Faith    .   b - +2 leather armour
rPois    .         Spirit   .   (no helmet)
rElec    .         Reflect  .   (no cloak)
rCorr    .         Harm     .   f - +0 pair of gloves
MR       .....                  (no boots)
Stlth    +.........             (no amulet)
Regen    0.1/turn               (no ring)
MPRegen  0.1/turn               (no ring)

@: mighty, lethally poisoned (0 -> -3)
A: rugged brown scales 1, carnivore 3, screaming 2
a: Renounce Religion


You were on level 2 of the Dungeon.
You worshipped Xom.
You were a special plaything of Xom.
You were full.

You visited 1 branch of the dungeon, and saw 2 of its levels.

You collected 63 gold pieces.

Inventory:

Hand Weapons
 a - a +0 spear of chaos (weapon)
Armour
 b - a +2 leather armour (worn)
 f - a +0 pair of gloves (worn)
 g - a +0 ring mail
Scrolls
 i - a scroll of remove curse {unknown}
Potions
 d - a potion of might
Comestibles
 c - a meat ration


   Skills:
 - Level 3.2 Fighting
 + Level 3.4 Polearms
 - Level 0.7 Armour
 - Level 2.4 Dodging


You had 2 spell levels left.
You didn't know any spells.

Dungeon Overview and Level Annotations

Branches:
Dungeon (2/15)

Altars:
Xom


Innate Abilities, Weirdness & Mutations

You are small and have problems with some larger weapons.
You are carnivorous and can eat meat at any time.
You are partially covered in rugged brown scales. (AC +1, +3% HP)
You sometimes yell uncontrollably at your foes.


Message History

You feel sick. As you open the door, it creaks loudly! Xom notices you.
Your +0 spear of chaos glows bright pink for a moment.
* * * LOW HITPOINT WARNING * * *
You feel sick.
There is an open door here.
* * * LOW HITPOINT WARNING * * *
You feel sick.
Found 22 bolts.
* * * LOW HITPOINT WARNING * * *
You feel sick.
* * * LOW HITPOINT WARNING * * *
You feel sick.
Found a blackened moonstone ring.
You see here 22 bolts.
* * * LOW HITPOINT WARNING * * *
You feel sick.
You die...
Xom giggles madly!

.######'#......
#.....>...
#.........
#.........
#.........
#...##+###
#...##+########
#.............#
###..(.....@..#
#...........#
####+########


There were no monsters in sight!

Vanquished Creatures
  3 dart slugs (D:1)
  A giant cockroach (D:1)
  A goblin (D:1)
  5 hobgoblins (D:1)
  4 bats (D:1)
  2 frilled lizards (D:1)
  4 kobolds (D:1)
  3 rats (D:1)
23 creatures vanquished.

Notes
Turn   | Place    | Note
-------+----------+-------------------------------------------
     0 | D:1      | M4edhros the Kobold Chaos Knight began the quest for the Orb.
     0 | D:1      | Reached XP level 1. HP: 14/14 MP: 1/1
   113 | D:1      | Reached XP level 2. HP: 17/19 MP: 2/2
   176 | D:1      | XOM: divination: detect items
   299 | D:1      | XOM: divination: detect creatures
   739 | D:1      | XOM: divination: detect items
   835 | D:1      | XOM: cloud trail
  1196 | D:1      | XOM: scenery: 1 doors close
  1258 | D:1      | XOM: divination: magic mapping
  1297 | D:1      | XOM: cloud trail
  1810 | D:1      | XOM: silly message
  2058 | D:1      | Reached XP level 3. HP: 23/23 MP: 3/3
  2070 | D:1      | XOM is BORED!
  2070 | D:1      | XOM: medium Pois miscast
  2605 | D:1      | XOM: scenery: create altars
  2771 | D:1      | XOM: medium Pois miscast
  2773 | D:1      | Gained mutation: You occasionally shout uncontrollably at your foes. [potion of mutation]
  2773 | D:1      | Gained mutation: You sometimes yell uncontrollably at your foes. [potion of mutation]
  2773 | D:1      | Gained mutation: You are partially covered in rugged brown scales. (AC +1, +3% HP) [potion of mutation]
  2788 | D:2      | XOM: mild Tmut miscast
  2799 | D:2      | HP: 1/23 [poisoned by the severe capriciousness of Xom (residual poison)]
  2803 | D:2      | Succumbed to the severe capriciousness of Xom's residual poison

Vault maps used:
D:1:      evilmike_arrival_crescent
D:2:      grunt_dithmenos_smoke_and_mirrors

Skill      XL: |  1  2 |
---------------+-------+-----
Polearms       | 3 |  3.4
Fighting       | |  3.2
Armour         | |  0.7
Dodging        | |  2.4

Action                   || total
-------------------------++-------
Melee: Spear             ||    83
  Use: Potion            ||     2
  Eat: Chunk             ||    11
Armor: Leather armour    ||    13
Dodge: Dodged            ||    54
